 Dungeon Crawl Stone Soup version 0.16-a0-3939-g9a3e665 (webtiles) character file.

28839 MDvedh the Frost Mage (level 13, -2/90 (91) HPs)
             Began as a Merfolk Ice Elementalist on Feb 5, 2015.
             Was an Elder of Ashenzari.
             Slain by Maud
             ... wielding a +2 demon trident of venom
              (30 damage)
             ... on level 4 of the Lair of Beasts on Feb 6, 2015.
             The game lasted 01:16:59 (23462 turns).

MDvedh the Frost Mage (Merfolk Ice Elementalist)   Turns: 23462, Time: 01:16:59

HP:   -2/90 (91)    AC: 14    Str:  6    XL:     13   Next: 41%
MP:   1/39          EV: 20    Int: 19    God:    Ashenzari [****..]
Gold: 1017          SH:  5    Dex: 15    Spells: 5 memorised, 16 levels left

rFire  . . .     SeeInvis +     n - +3 spear (venom) (curse)
rCold  . . .     Clarity  +     a - +0 robe (curse)
rNeg   . . .     SustAb   .     H - +0 buckler (curse)
rPois  .         Gourm    +     Q - +0 hat (curse)
rElec  .         Spirit   .     B - +1 cloak (curse)
rCorr  .         Warding  .     (no gloves)
rMut   .         Stasis   .     (no boots)
MR     +....                    d - amulet of the gourmand (curse)
Stlth  +++.......               (no ring)
                                g - ring of magical power (curse)

@: icy armour, somewhat resistant to hostile enchantments, fairly stealthy
A: change form in water, swift swim, thin metallic scales 1, blurry vision 2,
magic resistance 1, weak 1
a: Scrying, Renounce Religion


You were on level 4 of the Lair of Beasts.
You worshipped Ashenzari.
Ashenzari was greatly pleased with you.
You were full.

You visited 3 branches of the dungeon, and saw 15 of its levels.
You also visited: Ice Cave.

You collected 1017 gold pieces.

Inventory:

Hand weapons
 n - a cursed +3 spear of venom (weapon)
Armour
 a - a cursed +0 robe (worn)
 B - a cursed +1 cloak (worn)
 H - a cursed +0 buckler (worn)
 Q - a cursed +0 hat (worn)
Jewellery
 d - a cursed amulet of the gourmand (around neck)
 g - a cursed ring of magical power (left hand)
 o - the cursed ring of Pyromania {+Fly rF+ Str-3 Dex+3 Slay-3}
   (You found it in an ice cave)

   [ring of strength]

   It affects your strength (-3).
   It affects your dexterity (+3).
   It affects your accuracy and damage with ranged weapons and melee attacks
   (-3).
   It protects you from fire.
   It lets you fly.
   It has a curse placed upon it.
 D - a cursed +1 ring of slaying
Magical devices
 l - a wand of confusion (16)
 q - a wand of fireball (7)
 w - a wand of lightning (6)
 F - a wand of fire (12)
 G - a wand of cold (8)
 J - a wand of enslavement (15)
 L - a wand of disintegration (13)
 S - a wand of magic darts (17)
 T - a wand of polymorph (9)
 U - a wand of cold (6)
Scrolls
 f - 5 scrolls of remove curse
 i - 12 scrolls of teleportation
 s - 4 scrolls of curse armour
 t - 2 scrolls of magic mapping
 y - 3 scrolls of curse weapon
 z - 2 scrolls of fog
 K - a scroll of recharging
 O - a scroll of amnesia
Potions
 e - 4 potions of restore abilities
 j - a potion of cancellation {unknown}
 k - a potion of curing
 m - 2 potions of ambrosia
 p - a potion of cure mutation {unknown}
 r - a potion of beneficial mutation {unknown}
 u - 2 potions of berserk rage {unknown}
 v - a potion of haste
 x - 3 potions of heal wounds
 C - a potion of poison {unknown}
 E - a potion of agility {unknown}
 N - 2 potions of invisibility {unknown}
 R - a potion of magic {unknown}
Books
 b - a book of Frost

   Spells                             Type                      Level
   a - Freeze                         Ice                          1
   b - Throw Frost                    Conjuration/Ice              2
   c - Ozocubu's Armour               Charms/Ice                   3
   d - Throw Icicle                   Conjuration/Ice              4
   e - Summon Ice Beast               Ice/Summoning                4
   f - Condensation Shield            Ice                          4
 P - a book of Changes

   Spells                             Type                      Level
   a - Beastly Appendage              Transmutation                1
   b - Sticks to Snakes               Transmutation                2
   c - Spider Form                    Transmutation/Poison         3
   d - Ice Form                       Ice/Transmutation            4
   e - Blade Hands                    Transmutation                5
Comestibles
 c - 14 bread rations
 h - 4 meat rations
 A - 7 beef jerkies
 I - 2 fruits
 M - 3 slices of pizza


   Skills:
 + Level 5.2 Fighting
 - Level 7.3(10.8) Polearms
 + Level 10.1(12.2) Dodging
 - Level 2.1(3.9) Stealth
 - Level 3.1(5.1) Shields
 - Level 9.0 Spellcasting
 * Level 11.1(13.1) Conjurations
 - Level 5.0(7.2) Charms
 + Level 11.7(13.7) Ice Magic


You had 16 spell levels left.
You knew the following spells:

 Your Spells              Type           Power        Failure   Level  Hunger
a - Freeze                Ice            ####         1%          1    None
b - Ozocubu's Armour      Chrm/Ice       #####...     1%          3    None
c - Throw Frost           Conj/Ice       ######       1%          2    None
d - Summon Ice Beast      Ice/Summ       #####...     6%          4    ###....
f - Throw Icicle          Conj/Ice       ######..     1%          4    ###....


Dungeon Overview and Level Annotations

Branches:
Dungeon (10/15)            Temple (1/1) D:5            Lair (4/8) D:9
  Swamp (0/5) Lair:3        Snake (0/5) Lair:3
    Orc: D:9-12

Altars:
Ashenzari
Cheibriados
Dithmenos
Elyvilon
Fedhas
Gozag
Kikubaaqudgha
Makhleb
Nemelex Xobeh
Okawaru
Qazlal
Ru
Sif Muna
Trog
Vehumet
Xom
Yredelemnul
Zin
The Shining One

Annotations:
D:8 exclusion: oklob sapling
Lair:4 Maud


Innate Abilities, Weirdness & Mutations

You revert to your normal form in water.
You are very nimble and swift while swimming.
You are partially covered in thin metallic scales (AC +2).
Scrolls take you longer to read.
You are resistant to hostile enchantments.
You are weak. (Str -2)


Message History

You feel sick.
You feel sick.
Casting: Throw Icicle
Confirm with . or Enter, or press ? or * to list all spells.
Aiming: Throw Icicle
Press: ? - help, Shift-Dir - straight line, f/p - Maud
Aim: Maud, wielding a demon trident of venom and wearing a chain mail (severely wounded)
The shard of ice misses Maud.
You feel sick. Maud completely misses you.
Casting: Throw Icicle
Confirm with . or Enter, or press ? or * to list all spells.
Aiming: Throw Icicle
Press: ? - help, Shift-Dir - straight line, f/p - Maud
Aim: Maud, wielding a demon trident of venom and wearing a chain mail (severely wounded)
The shard of ice hits Maud.
Maud is severely wounded.
Maud completely misses you.
Drink which item? (? for menu, Esc to quit)
You feel better.
Maud hits you from afar with a demon trident of venom!!
You die...

......†##.....[............,,,*,,
#......#....†..##.........,,,**,*
##.+###..............#.,,,,,,*,,,
*##.###................,,,,,,,,,*
#......................,,,,.,,,,
*#.###..................,,,,..,,*
#.#,*#................#,,,,..,.,,
######..#...#P......P#****,.#...,
#.........#...@...#### *....,,*
#........#.#....@.##.###..##*,*
#......)..........###.#....#...
##P###........................#
##* ##..#....................#
####....................*
###.....##.P####.####*
#.....#.### *## #####.##*


You could see Maud.

Vanquished Creatures
  Gastronok (Lair:3)
  A white draconian (IceCv)
  2 hydras
  Harold (Lair:4)
  A death yak (IceCv)
  An ice statue (IceCv)
  Maurice (D:8)
  2 black mambas
  3 spiny frogs
  Psyche (D:8)
  3 komodo dragons
  A fire drake (Lair:3)
  2 giant leeches (Lair:3)
  10 polar bears (IceCv)
  4 blink frogs
  A basilisk (Lair:2)
  6 hippogriffs
  4 hungry ghosts
  42 yaks
  23 wolves
  A naga (Lair:3)
  A warg (Lair:1)
  4 water moccasins
  2 orc warriors
  6 ice beasts
  A sky beast (D:7)
  2 phantoms
  A spider (D:8)
  7 ogres
  2 black bears
  3 porcupines
  A necrophage (D:6)
  4 centaurs
  3 crocodiles
  An eye of draining (D:9)
  2 big kobolds
  9 giant frogs
  A gnoll sergeant (D:7)
  2 scorpions
  4 killer bees (D:8)
  4 crimson imps
  2 goliath beetles
  13 hounds
  Crazy Yiuf (D:3)
  7 orc priests
  2 jellies
  10 orc wizards
  2 iguanas
  10 worker ants
  6 sheep (Lair:2)
  Jessica (D:3)
  A hound skeleton (D:9)
  A mummy (D:8)
  A worker ant zombie (D:5)
  10 gnolls
  41 river rats
  3 shadow imps
  20 adders
  A giant mite (D:4)
  4 worms
  3 adder skeletons
  2 adder zombies (D:7)
  5 giant geckos
  33 orcs
  11 bats
  A bat skeleton (D:4)
  8 giant cockroaches
  15 hobgoblins
  3 oozes
  7 quokkas
  8 ball pythons
  A giant gecko skeleton (D:7)
  10 giant newts
  A giant spore (D:7)
  9 goblins
  2 jackals (D:9)
  18 kobolds
  A quokka skeleton (D:4)
  2 quokka zombies
  20 rats
  22 ballistomycetes (D:7)
  A plant (D:8)
490 creatures vanquished.

Vanquished Creatures (others)
  3 yaks (IceCv)
  A centaur zombie (D:7)
  A bat zombie (D:7)
  4 giant spores (D:7)
  A fungus (D:3)
10 creatures vanquished.

Grand Total: 500 creatures vanquished

Notes
Turn   | Place    | Note
--------------------------------------------------------------
     0 | D:1      | MDvedh, the Merfolk Ice Elementalist, began the quest for the Orb.
     0 | D:1      | Reached XP level 1. HP: 13/13 MP: 3/3
   454 | D:1      | Reached XP level 2. HP: 19/19 MP: 3/5
   674 | D:1      | Learned a level 2 spell: Throw Frost
  1759 | D:2      | Reached XP level 3. HP: 24/24 MP: 6/6
  2354 | D:3      | Learned a level 3 spell: Ozocubu's Armour
  2506 | D:3      | Reached skill level 4 in Ice Magic
  2548 | D:3      | Reached skill level 1 in Charms
  2548 | D:3      | Reached XP level 4. HP: 11/30 MP: 9/9
  3015 | D:3      | Noticed Jessica
  3031 | D:3      | Killed Jessica
  3031 | D:3      | Reached XP level 5. HP: 31/35 MP: 11/11
  3449 | D:3      | Noticed Crazy Yiuf
  3454 | D:3      | Killed Crazy Yiuf
  3554 | D:4      | Noticed an ogre
  3559 | D:4      | Killed an ogre
  3559 | D:4      | Reached skill level 5 in Ice Magic
  3559 | D:4      | Reached XP level 6. HP: 10/41 MP: 13/15
  4384 | D:4      | Reached skill level 1 in Conjurations
  4772 | D:4      | Reached XP level 7. HP: 34/46 MP: 17/17
  5093 | D:5      | Entered Level 5 of the Dungeon
  5542 | D:5      | Found a staircase to the Ecumenical Temple.
  5552 | Temple   | Entered the Ecumenical Temple
  5643 | Temple   | Became a worshipper of Ashenzari the Shackled
  5908 | D:5      | Found a radiant altar of Vehumet.
  6015 | D:5      | Reached skill level 1 in Polearms
  6176 | D:5      | Learned a level 4 spell: Throw Icicle
  6190 | D:5      | Reached XP level 8. HP: 41/52 MP: 19/19
  6493 | D:6      | Reached skill level 5 in Spellcasting
  6493 | D:6      | Reached skill level 6 in Ice Magic
  7666 | D:6      | Reached skill level 5 in Charms
  8148 | D:7      | Reached XP level 9. HP: 34/56 MP: 21/21
  8368 | D:7      | Reached skill level 7 in Ice Magic
  8429 | D:7      | Reached skill level 5 in Polearms
  9024 | D:7      | Reached skill level 5 in Conjurations
  9369 | D:7      | HP: 2/56 [orc priest/divine providence (14)]
 10226 | D:7      | HP: 1/56 [something (6)]
 11009 | D:7      | Gained mutation: You are weak. (Str -2) [potion of mutation]
 11009 | D:7      | Gained mutation: You are partially covered in thin metallic scales (AC +2). [potion of mutation]
 11359 | D:8      | Reached XP level 10. HP: 21/62 MP: 24/24
 11649 | D:8      | Noticed Psyche
 11663 | D:8      | Killed Psyche
 11663 | D:8      | Reached skill level 8 in Ice Magic
 12219 | D:8      | Found a blossoming altar of Fedhas.
 12260 | D:8      | Gained mutation: Scrolls take you a little longer to read. [potion of mutation]
 12260 | D:8      | Gained mutation: You are resistant to hostile enchantments. [potion of mutation]
 12260 | D:8      | Gained mutation: Scrolls take you longer to read. [potion of mutation]
 12507 | D:8      | Noticed Maurice
 12532 | D:8      | Killed Maurice
 13665 | D:9      | Reached skill level 9 in Ice Magic
 13678 | D:9      | Reached skill level 5 in Dodging
 13753 | D:9      | Reached XP level 11. HP: 58/67 MP: 26/26
 13780 | D:9      | Found a staircase to the Lair.
 14185 | D:9      | Reached skill level 1 in Shields
 14215 | D:9      | Acquired Ashenzari's first power
 14629 | D:10     | Entered Level 10 of the Dungeon
 14946 | Lair:1   | Entered Level 1 of the Lair of Beasts
 15940 | Lair:1   | Noticed a five-headed hydra
 15961 | Lair:1   | Killed a five-headed hydra
 16725 | Lair:2   | Reached skill level 10 in Ice Magic
 16842 | Lair:2   | Noticed a four-headed hydra
 16846 | Lair:2   | Killed a four-headed hydra
 16846 | Lair:2   | Reached XP level 12. HP: 73/73 MP: 19/28
 16856 | Lair:2   | Learned a level 4 spell: Summon Ice Beast
 17006 | Lair:2   | Acquired Ashenzari's second power
 17173 | Lair:2   | Identified the +6 hunting sling "Oxkao" {velocity, rElec rC- SInv}
 17711 | Lair:2   | Reached skill level 1 in Fighting
 18295 | Lair:3   | Found a staircase to the Snake Pit.
 18623 | Lair:3   | Found a staircase to the Swamp.
 18687 | Lair:3   | Acquired Ashenzari's third power
 19077 | Lair:3   | Noticed Gastronok
 19093 | Lair:3   | Killed Gastronok
 19831 | Lair:3   | Reached skill level 10 in Conjurations
 19899 | Lair:4   | Found a frozen archway.
 19904 | Lair:4   | Noticed Harold
 19934 | Lair:4   | Killed Harold
 20004 | IceCv    | Entered an ice cave
 21612 | IceCv    | Upgraded the game from 0.16-a0-3926-g4728e1c to 0.16-a0-3939-g9a3e665
 21619 | IceCv    | Identified the cursed ring of Pyromania {+Fly rF+ Str-3 Dex+3 Slay-3}
 21644 | IceCv    | Reached skill level 11 in Ice Magic
 21935 | IceCv    | Reached XP level 13. HP: 82/87 MP: 20/30
 22874 | IceCv    | Noticed a death yak
 22877 | IceCv    | Noticed a white draconian
 23003 | IceCv    | Killed a white draconian
 23003 | IceCv    | Reached skill level 5 in Fighting
 23022 | IceCv    | Killed a death yak
 23022 | IceCv    | Reached skill level 10 in Dodging
 23229 | IceCv    | Identified the +6 dagger of Sked {drain, Str+5}
 23441 | Lair:4   | Noticed Maud
 23462 | Lair:4   | Slain by Maud

Action                   |  1- 3 |  4- 6 |  7- 9 | 10-12 | 13-15 || total
-------------------------+-------+-------+-------+-------+-------++-------
Melee: Unarmed           |     1 |       |       |       |       ||     1
       Spear             |    30 |   112 |   626 |   921 |   168 ||  1857
 Cast: Freeze            |    55 |    37 |   114 |   153 |    59 ||   418
       Throw Frost       |     2 |     2 |     2 |       |       ||     6
       Ozocubu's Armour  |       |     3 |    15 |    40 |     9 ||    67
       Throw Icicle      |       |       |     2 |   164 |    58 ||   224
Evoke: Wand              |       |       |       |     1 |       ||     1
  Use: Scroll            |     7 |       |    15 |     9 |       ||    31
       Potion            |       |       |     5 |     1 |     2 ||     8
 Stab: Sleeping          |     2 |     3 |     7 |    12 |       ||    24
       Distracted        |       |     1 |     1 |     1 |       ||     3
  Eat: Chunk             |     6 |    15 |    18 |    51 |    12 ||   102
       Fruit             |       |       |     6 |       |       ||     6
       Beef jerky        |       |       |     1 |     1 |       ||     2
       Meat ration       |       |       |       |     1 |       ||     1
       Pizza             |       |       |       |     1 |       ||     1
